 Dungeon Crawl Stone Soup version 0.31.0-12-g77e489cdc1 (webtiles) character file.

Game seed: 6925366229563500675

19253 Doot the Unseen (level 12, -6/54 HPs)
             Began as a Spriggan Enchanter on Feb 27, 2024.
             Was a Follower of Uskayaw.
             Shot with an arrow by a centaur warrior (18 damage)
             ... on level 11 of the Dungeon.
             The game lasted 00:28:29 (11715 turns).

Doot the Unseen (Spriggan Enchanter)               Turns: 11715, Time: 00:28:30

Health: -6/54      AC:  8    Str:  8    XL:     12   Next: 34%
Magic:  35/35      EV: 19    Int: 17    God:    Uskayaw [*.....]
Gold:   99         SH:  5    Dex: 16    Spells: 13/30 levels left

rFire   . . .        H - +2 quick blade (venom)
rCold   . . .        (no shield)
rNeg    . . .        s - +0 steam dragon scales
rPois   .            (helmet restricted)
rElec   .            I - +2 cloak {Will+}
rCorr   .            (gloves unavailable)
SInv    +            (boots unavailable)
Will    +++..        d - amulet of reflection
Stlth   ++++++       e - ring of magical power
HPRegen 0.29/turn    w - ring of flight
MPRegen 0.24/turn

%: reflection
@: flying, invisible, very quick
A: very small, no large weapons, unfitting armour, see invisible, speed 3
a: Renounce Religion, Stomp


You were on level 11 of the Dungeon.
You worshipped Uskayaw.
Uskayaw was noncommittal.
You visited 2 branches of the dungeon, and saw 12 of its levels.

You collected 759 gold pieces.
You spent 660 gold pieces at shops.

Inventory:

Hand Weapons
 a - a +1 dagger
 o - a +0 dagger of venom
 t - a +1 dagger of electrocution
 B - a +3 dagger of freezing
 H - a +2 quick blade of venom (weapon)
Armour
 b - a +0 robe
 r - a +0 cloak
 s - +0 steam dragon scales (worn)
 I - a +2 cloak of willpower (worn)
Magical Staves
 f - a staff of conjuration
Jewellery
 d - an amulet of reflection (around neck)
 e - a ring of magical power (left hand)
 w - a ring of flight (right hand)
 G - a ring of ice
Wands
 l - a wand of quicksilver (8)
 x - a wand of flame (5)
 y - a wand of roots (7)
 E - a wand of paralysis (5)
 F - a wand of polymorph (7)
Scrolls
 g - 4 scrolls of noise
 i - 2 scrolls of identify
 k - 4 scrolls of amnesia
 m - 9 scrolls of teleportation
 z - a scroll of fog
 C - a scroll of poison
Potions
 c - 2 potions of invisibility
 h - 5 potions of attraction
 j - 3 potions of curing
 n - 2 potions of mutation {unknown}
 p - 2 potions of haste
 q - 3 potions of berserk rage
 u - a potion of lignification {unknown}
 v - 2 potions of ambrosia
 A - 2 potions of brilliance {unknown}
 D - 3 potions of heal wounds


   Skills:
 + Level 2.0 Fighting
 * Level 9.5 Short Blades
 + Level 5.2 Dodging
 + Level 15.3 Stealth
 + Level 0.9 Shields
 + Level 9.5 Spellcasting
 * Level 11.5 Hexes
 + Level 0.2 Summonings
 * Level 7.9 Translocations
 + Level 4.5 Ice Magic
 * Level 4.1 Invocations
 - Level 5.0 Evocations


You had 13 spell levels left.
You knew the following spells:

 Your Spells              Type           Power      Damage    Failure   Level
a - Ensorcelled Hibernat  Hex/Ice        70%        N/A       1%          2
b - Confusing Touch       Hex            47%        N/A       1%          3
c - Tukima's Dance        Hex            47%        N/A       1%          3
d - Summon Mana Viper     Hex/Summ       28%        N/A       22%         5
e - Passage of Golubria   Tloc           35%        N/A       3%          4

Your spell library contained the following spells:

 Spells                   Type           Power      Damage    Failure   Level
 Dazzling Flash           Conj/Hex       54%        N/A       2%          3
 Frozen Ramparts          Ice            46%        1d7       4%          3
 Summon Small Mammal      Summ           32%        N/A       9%          1
 Metabolic Englaciation   Hex/Ice        17%        N/A       10%         5
 Call Canine Familiar     Summ           8%         N/A       24%         3
 Yara's Violent Unravell  Hex/Alch       13%        3d7       24%         5
 Passwall                 Erth           8%         N/A       26%         3
 Stone Arrow              Conj/Erth      16%        3d8       26%         3
 Swiftness                Air            8%         N/A       26%         3
 Summon Forest            Summ/Tloc      11%        N/A       43%         5
 Animate Armour           Summ/Erth      16%        N/A       65%         4
 Leda's Liquefaction      Alch/Erth      4%         N/A       65%         4
 Petrify                  Alch/Erth      8%         N/A       65%         4
 Summon Blazeheart Golem  Fire/Summ      8%         N/A       65%         4
 Iskenderun's Battlesphe  Conj           8%         2d6       94%         5
 Bombard                  Conj/Erth      4%         9d2       100%        6
 Summon Cactus Giant      Summ           4%         N/A       100%        6
 Spellforged Servitor     Conj/Summ      4%         N/A       100%        7
 Lehudib's Crystal Spear  Conj/Erth      4%         10d3      100%        8


Dungeon Overview and Level Annotations

Branches:
Dungeon (11/15)            Temple (1/1) D:7            Lair (0/5) D:9
    Orc (0/2) D:11

Altars:
Ashenzari
Cheibriados
Dithmenos
Elyvilon
Fedhas
Gozag
Hepliaklqana
Kikubaaqudgha
Makhleb
Nemelex Xobeh
Okawaru
Qazlal
Ru
Sif Muna
Trog
Uskayaw
Vehumet
Wu Jian
Xom
Yredelemnul
Zin
The Shining One

Shops:
D:11 ?**

Annotations:
D:11 5 runed translucent doors


Innate Abilities, Weirdness & Mutations

You are very small and have problems with some larger weapons.
You are too small for most types of armour.
You have supernaturally acute eyesight. (SInv)
You cover ground extremely quickly. (Speed+++)


Message History

You hit the centaur warrior.
The centaur warrior looks as sick as possible!
You completely miss the centaur warrior.
The centaur warrior is heavily wounded.
The centaur warrior closely misses you.
The centaur warrior kicks you but does no damage.
You hit the centaur warrior but do no damage.
The centaur warrior looks as sick as possible!
You hit the centaur warrior but do no damage.
The centaur warrior looks as sick as possible!
The centaur warrior is heavily wounded.
The centaur warrior hits you with a +0 dagger.
* * * LOW HITPOINT WARNING * * *
The centaur warrior misses you.
Okay, then.
Unknown command.
Aiming: Quicksilver Bolt
Press: ? - help, Shift-Dir - straight line, f/p - centaur warrior
Aim: a centaur warrior, wielding a +0 dagger (severely wounded, extremely poisoned, 81% to hit)
The bolt of dispelling energy hits the centaur warrior!
The centaur warrior is almost dead.
The centaur warrior hits you but does no damage.
The centaur warrior kicks you but does no damage.
Aiming: Quicksilver Bolt
Press: ? - help, Shift-Dir - straight line, f/p - centaur warrior
Aim: a centaur warrior, wielding a +0 dagger (almost dead, extremely poisoned, 81% to hit)
The bolt of dispelling energy hits the centaur warrior!!
You kill the centaur warrior!
Uskayaw will force your foes to helplessly watch your dance.
Your life force feels restored.
Things that are here:
a +0 giant club; a two-headed ogre corpse You start resting.
A centaur warrior comes into view.
Okay, then.
Unknown command.
You fade into invisibility!
The centaur warrior wields a +0 orcbow.
The centaur warrior shoots an arrow.
The arrow hits you!!
You die... #.#.#...#.#.#.#..## #####. $+CYo

.#.#....#.....#...###..#..####WCW
.#.#.#.#.......##.#.+..+.# .##OOy
#.#....(.##.####....#..#.#.#.#BBW
#(#.##.##.....#..#..#####.#c.##+#
[#.).......#.#..##..)...##.##.#.#
(#.###.###.....##..c##.#.#.#..#.#
#.......†.....##..##)..)#.#.#.#..
#..###$###...##(@##)...#.#..#.c..
#################################
........†...†....................
##########...##.###.....#.###....
###..#..##.......##.....
##.†..#...##.####.....
#............####.#...
#.............##..#...
###.#.........###.....


You could see a centaur warrior (unable to see you).

Vanquished Creatures
  Fannar (D:11)
  A centaur warrior (D:11)
  Erica (D:8)
  5 two-headed ogres
  5 cyclopes (D:11)
  An ugly thing (D:10)
  2 manticores (D:11)
  Maurice (D:11)
  A gargoyle (D:10)
  Maggie (D:8)
  2 unseen horrors (D:11)
  A komodo dragon (D:11)
  5 trolls
  Prince Ribbit (D:5)
  3 slime creatures (D:11)
  Sigmund (D:5)
  A wraith (D:11)
  17 yaks
  2 wyverns
  A steam dragon (D:6)
  Menkaure (D:6)
  6 vampire mosquitoes
  2 orc warriors
  2 black bears (D:6)
  2 sky beasts
  A boggart (D:11)
  3 centaurs
  2 kobold brigands
  3 bullfrogs
  2 gnoll sergeants
  4 scorpions
  19 killer bees
  4 howler monkeys (D:11)
  2 bombardier beetles
  2 jellies (D:6)
  4 orc priests
  5 hounds
  Crazy Yiuf (D:6)
  3 iguanas
  3 sleepcaps
  Ijyb (D:5)
  Terence (D:2)
  7 orc wizards
  Robin (D:2)
  12 gnolls
  5 adders
  A shadow imp (D:8)
  3 white imps
  A ribbon worm (D:2)
  A dart slug (D:4)
  26 orcs
  7 ball pythons
  5 endoplasms
  5 giant cockroaches
  18 goblins
  12 hobgoblins
  A jackal (D:4)
  23 kobolds
  5 quokkas
  5 bats
  A frilled lizard (D:3)
  4 rats
269 creatures vanquished.

Vanquished Creatures (collateral kills)
  2 vampire mosquitoes (D:9)
  An orc wizard (D:11)
  An orc (D:9)
4 creatures vanquished.

Vanquished Creatures (others)
  2 yaks (D:9)
  2 dancing weapons (D:11)
  An orc priest (D:9)
5 creatures vanquished.

Grand Total: 278 creatures vanquished

Notes
Turn   | Place    | Note
-------+----------+-------------------------------------------
     0 | D:1      | Doot the Spriggan Enchanter began the quest for the Orb.
     0 | D:1      | Reached XP level 1. HP: 9/9 MP: 5/5
   114 | D:2      | Reached skill level 5 in Stealth
   124 | D:2      | Reached XP level 2. HP: 9/13 MP: 6/6
   127 | D:2      | Learned a level 2 spell: Ensorcelled Hibernation
   485 | D:2      | Noticed Robin
   499 | D:2      | Noticed Terence
   516 | D:2      | Killed Terence
   517 | D:2      | Reached XP level 3. HP: 9/16 MP: 8/8
   775 | D:4      | Reached XP level 4. HP: 21/21 MP: 9/9
   817 | D:4      | Learned a level 3 spell: Confusing Touch
   978 | D:4      | Reached skill level 6 in Stealth
   978 | D:4      | Reached skill level 1 in Ice Magic
   978 | D:4      | Reached XP level 5. HP: 24/24 MP: 10/10
  1027 | D:4      | Reached skill level 5 in Hexes
  1505 | D:4      | Reached XP level 6. HP: 9/28 MP: 11/12
  1691 | D:5      | Entered Level 5 of the Dungeon
  2122 | D:5      | Found a stormy altar of Qazlal.
  2181 | D:5      | Reached skill level 7 in Stealth
  2181 | D:5      | Reached XP level 7. HP: 29/32 MP: 13/13
  2304 | D:5      | Noticed Sigmund
  2312 | D:5      | Killed Sigmund
  2508 | D:5      | Found a sacrificial altar of Ru.
  2686 | D:5      | Noticed Prince Ribbit
  2695 | D:5      | Noticed Ijyb
  2699 | D:5      | Killed Prince Ribbit
  2729 | D:5      | Killed Ijyb
  2735 | D:5      | Reached XP level 8. HP: 17/37 MP: 13/16
  2737 | D:5      | Reached skill level 5 in Spellcasting
  2757 | D:5      | Reached skill level 5 in Short Blades
  3066 | D:6      | Found a runed translucent door.
  3067 | D:6      | Noticed Crazy Yiuf
  3106 | D:6      | Found a basalt altar of Yredelemnul.
  3127 | D:6      | Reached skill level 8 in Stealth
  3203 | D:6      | Reached skill level 1 in Fighting
  3207 | D:6      | Learned a level 3 spell: Tukima's Dance
  3529 | D:6      | Reached skill level 9 in Stealth
  3582 | D:6      | Noticed Menkaure
  3587 | D:6      | Killed Menkaure
  3886 | D:6      | Killed Crazy Yiuf
  3887 | D:6      | Reached XP level 9. HP: 41/41 MP: 18/18
  4152 | D:7      | Reached skill level 10 in Stealth
  4218 | D:7      | Found a radiant altar of Vehumet.
  4218 | D:7      | Found a shimmering altar of Xom.
  4227 | D:7      | Found a shimmering blue altar of Sif Muna.
  4421 | D:7      | Found a staircase to the Ecumenical Temple.
  4490 | Temple   | Entered the Ecumenical Temple
  4612 | D:7      | Found an opulent altar of Gozag.
  4613 | D:7      | Found an ornate altar of the Wu Jian Council.
  4634 | D:7      | Learned a level 5 spell: Summon Mana Viper
  4639 | D:7      | Learned a level 4 spell: Passage of Golubria
  5616 | D:8      | Reached skill level 1 in Translocations
  5697 | D:7      | Reached skill level 11 in Stealth
  5702 | D:8      | HP: 2/41 [gnoll/+0 flail[a gnoll sergeant] (4)]
  6065 | D:8      | Noticed Erica
  6070 | D:8      | Killed Erica
  6071 | D:8      | Reached XP level 10. HP: 46/46 MP: 21/21
  6275 | D:8      | Noticed Maggie
  6301 | D:8      | Killed Maggie
  7501 | D:9      | Reached skill level 10 in Hexes
  7535 | D:9      | Noticed a two-headed ogre
  7541 | D:9      | Killed a two-headed ogre
  7542 | D:9      | Reached skill level 12 in Stealth
  7542 | D:9      | Reached skill level 5 in Translocations
  7704 | D:9      | Noticed a two-headed ogre
  7708 | D:9      | Killed a two-headed ogre
  7786 | D:9      | Found a staircase to the Lair.
  8128 | D:9      | Reached XP level 11. HP: 50/50 MP: 24/24
  8222 | D:10     | Entered Level 10 of the Dungeon
  8253 | D:10     | Identified the +1 leather armour "Hutato Pia" {Harm rElec}
  8392 | Temple   | Became a worshipper of Uskayaw the Reveller
  8580 | D:2      | Reached * piety under Uskayaw
  8588 | D:2      | Reached ** piety under Uskayaw
  8593 | D:2      | Killed Robin
  8606 | D:2      | Reached *** piety under Uskayaw
  9725 | D:10     | Reached skill level 1 in Evocations
  9918 | D:10     | Noticed a purple ugly thing
  9924 | D:10     | Killed a purple ugly thing
  9925 | D:10     | Reached skill level 13 in Stealth
  9963 | D:10     | Noticed a two-headed ogre
  9969 | D:10     | Killed a two-headed ogre
 10008 | D:10     | Reached skill level 1 in Invocations
 10345 | D:10     | Reached **** piety under Uskayaw
 10626 | D:11     | Found Otsoakk's Magic Scroll Emporium.
 10632 | D:11     | Bought a scroll of amnesia for 52 gold pieces
 10632 | D:11     | Bought a scroll of identify for 26 gold pieces
 10632 | D:11     | Bought a scroll of teleportation for 39 gold pieces
 10632 | D:11     | Bought a scroll of teleportation for 39 gold pieces
 10645 | D:11     | Noticed Fannar
 10668 | D:11     | Noticed Maurice
 10681 | D:11     | Killed Fannar
 10807 | D:11     | Found a staircase to the Orcish Mines.
 10894 | D:11     | Found Gaih's General Store.
 10898 | D:11     | Bought a +1 quick blade of venom for 350 gold pieces
 10898 | D:11     | Bought a potion of heal wounds for 70 gold pieces
 10937 | D:11     | Reached skill level 14 in Stealth
 11116 | D:11     | Found Joevueci's Assorted Antiques.
 11163 | D:11     | Bought a scroll of teleportation for 84 gold pieces
 11256 | D:11     | Killed Maurice
 11322 | D:11     | Noticed a two-headed ogre
 11348 | D:11     | Killed a two-headed ogre
 11349 | D:11     | Reached skill level 5 in Evocations
 11469 | D:11     | Reached XP level 12. HP: 54/54 MP: 26/26
 11493 | D:11     | Reached skill level 15 in Stealth
 11501 | D:11     | Found a runed translucent door.
 11501 | D:11     | Noticed a tengu warrior
 11503 | D:11     | Found a runed translucent door.
 11504 | D:11     | Noticed a two-headed ogre
 11522 | D:11     | Killed a two-headed ogre
 11631 | D:11     | Found a runed translucent door.
 11631 | D:11     | Found a runed translucent door.
 11631 | D:11     | Noticed a two-headed ogre
 11631 | D:11     | Noticed a two-headed ogre
 11631 | D:11     | Noticed a boulder beetle
 11631 | D:11     | Noticed a two-headed ogre
 11631 | D:11     | Noticed a boulder beetle
 11632 | D:11     | Found a runed translucent door.
 11632 | D:11     | Identified the ring of Ceshiff {Wiz Str+2 Int+3}
 11633 | D:11     | Noticed a centaur warrior
 11652 | D:11     | Reached skill level 5 in Dodging
 11699 | D:11     | Killed a centaur warrior
 11714 | D:11     | Noticed a centaur warrior
 11715 | D:11     | Shot with an arrow by a centaur warrior

Illustrated notes

Levels and vault maps discovered:
D:1:      lightli_arrival_maybe_door_vault, layout_basic, minmay_surrounded
D:2:      layout_loops_ring, uniq_robin, uniq_terence
D:3:      layout_basic, basic_ecumenical_altar, roderic_roman_lattice,
          wad_floor_pattern_2
D:4:      layout_cave_pools, minmay_fractal_squares_diagonal_5
D:5:      layout_gridville, general_overflow_altar, grunt_qazlal_sundering,
          nicolae_goblin_pals, uniq_prince_ribbit1, uniq_sigmund
D:6:      layout_basic, mainiacjoe_overflow_paths, kennysheep_generic_room_5,
          uniq_menkaure, uniq_crazy_yiuf_cottage
D:7:      layout_layer_cave, chequers_temple_overflow_statue_of_worship,
          mainiacjoe_overflow_divided_tiny, minmay_temple_entry_water_ring
D:8:      layout_layer_cave, uniq_maggie, uniq_erica
D:9:      layout_roguey, lair_entry_dummy, lemuel_flamethrower_2
D:10:     layout_gridville, amcnicky_mini_rare_corridor_liquid
D:11:     minmay_the_grid_triangle_9x9_line_8_mashed
          [minmay_the_grid_triangle_9x9_stretched_checkered,
          minmay_the_grid_triangle_9x9_skeleton,
          minmay_the_grid_triangle_9x9_alien,
          minmay_the_grid_triangle_9x9_semitri,
          minmay_the_grid_triangle_9x9_tough_junction,
          minmay_the_grid_triangle_9x9_corruption,
          minmay_the_grid_triangle_9x9_fully_insulated_deathbox,
          minmay_the_grid_triangle_9x9_prize_insulated], layout_cave_pools,
          serial_shops, shop_coins, nicolae_shop_back_alley_shop,
          nicolae_shop_crystal, uniq_fannar, uniq_maurice
Temple:   compressed_dpeg_circular_temple

Skill      XL: |  1  2  3  4  5  6  7  8  9 10 11 12 |
---------------+-------------------------------------+-----
Stealth        | 5 6 7 9 11 12 14 15 | 15.3
Dodging        | 3 4 5 |  5.2
Short Blades   | 2 3 4 5 6 8 9 |  9.5
Hexes          | 4 5 6 7 8 9 10 11 | 11.5
Ice Magic      | 1 2 3 4 |  4.5
Spellcasting   | 3 4 5 7 8 9 |  9.5
Fighting       | 1 2 |  2.0
Translocations | 3 5 7 |  7.9
Evocations     | 5 |  5.0
Invocations    | 3 4 |  4.1
Shields        | |  0.9
Summonings     | |  0.2

Action                     |  1- 3 |  4- 6 |  7- 9 | 10-12 || total
---------------------------+-------+-------+-------+-------++-------
  Melee: Dagger            |    71 |    78 |   155 |   195 ||   499
         Punch             |       |       |       |     7 ||     7
         Quick blade       |       |       |       |   158 ||   158
         Unarmed           |       |       |       |     2 ||     2
   Cast: Ensorcelled Hiber |    15 |    35 |    81 |   105 ||   236
         Confusing Touch   |       |     4 |     4 |     8 ||    16
         Tukima's Dance    |       |       |       |     6 ||     6
         Passage of Golubr |       |       |       |     2 ||     2
         Summon Mana Viper |       |       |       |     2 ||     2
  Evoke: Wand              |       |       |       |     2 ||     2
    Use: Scroll            |       |       |       |    10 ||    10
         Potion            |       |       |       |     1 ||     1
   Stab: Sleeping          |    17 |    25 |    58 |    90 ||   190
         Confused          |       |     2 |     2 |    12 ||    16
         Distracted        |       |       |       |     4 ||     4
         Paralysed         |       |       |       |     7 ||     7
 Armour: Robe              |    20 |    23 |    23 |       ||    66
         Steam dragon scal |       |       |    35 |    95 ||   130
  Dodge: Dodged            |    52 |    40 |    98 |   142 ||   332
  Block: Other             |     3 |    11 |    25 |    37 ||    76
         Reflection        |       |     2 |     2 |       ||     4
